 Dungeon Crawl Stone Soup version 0.23-a0-619-g281719c (webtiles) character file.

3475 Larett the Cleaver (level 9, -8/70 HPs)
             Began as a Minotaur Berserker on Dec 22, 2018.
             Was a High Priest of Trog.
             Mangled by Grum
             ... wielding a +0 spear
              (13 damage)
             ... on level 8 of the Dungeon.
             The game lasted 00:26:28 (7384 turns).

Larett the Cleaver (Minotaur Berserker)             Turns: 7384, Time: 00:26:28

Health: -8/70      AC:  6    Str: 22    XL:     9   Next: 79%
Magic:  8/8        EV: 16    Int:  8    God:    Trog [*****.]
Gold:   412        SH:  0    Dex: 13    Spells: 8/8 levels left

rFire    + + .     SeeInvis .   a - +0 battleaxe
rCold    . . .     Gourm    .   (shield currently unavailable)
rNeg     + . .     Faith    .   z - +0 robe {rC+ rF+}
rPois    .         Spirit   .   (helmet restricted)
rElec    .         Reflect  .   L - +0 cloak
rCorr    .         Harm     .   o - +1 pair of gloves
MR       +....                  (no boots)
Stlth    +.........             (no amulet)
HPRegen  0.21/turn              p - ring of positive energy
MPRegen  0.11/turn              G - ring of Generosity {Fire *Contam +Blink MR+ Int+4}

@: berserk cooldown, hasted and slowed
A: retaliatory headbutt, horns 2
a: Berserk, Trog's Hand, Brothers in Arms, Renounce Religion, Evoke Blink


You were on level 8 of the Dungeon.
You worshipped Trog.
Trog was extremely pleased with you.
You were hungry.

You visited 1 branch of the dungeon, and saw 8 of its levels.
You also visited: Sewer.

You collected 470 gold pieces.
You spent 58 gold pieces at shops.

Inventory:

Hand Weapons
 a - a +0 battleaxe (weapon)
 b - a +0 hand crossbow
 u - a +0 hunting sling
 v - a +0 war axe
 E - a +5 falchion of venom
 I - a +1 flail of crushing
 W - a +2 dagger of protection
Missiles
 h - 184 arrows
 j - 34 poisoned needles
 l - 289 stones (quivered)
 A - 44 sling bullets
 V - 71 bolts
 Y - 12 tomahawks
 Z - a throwing net {!f}
Armour
 k - a +0 ring mail
 o - a +1 pair of gloves (worn)
 z - a +0 robe of resistance (worn)
 L - a +0 cloak (worn)
 X - a +0 buckler
Jewellery
 p - a ring of positive energy (left hand)
 x - an uncursed ring of stealth
 G - the ring of Generosity (right hand) {Fire *Contam +Blink MR+ Int+4}
   (You found it on level 6 of the Dungeon)

   [ring of fire]

   It enhances your fire magic.
   It affects your intelligence (+4).
   It protects you from fire.
   It makes you vulnerable to cold.
   It affects your resistance to hostile enchantments.
   It lets you blink.
   It causes magical contamination when unequipped.
Wands
 F - a wand of flame (28)
 K - a wand of disintegration (16)
 M - a wand of polymorph (7)
 P - a wand of paralysis (6)
 S - a wand of scattershot (5)
Scrolls
 r - 4 scrolls of enchant armour
 B - a scroll of blinking
 O - 2 scrolls of immolation {!r}
 R - a scroll of identify
 T - 5 scrolls of teleportation
 U - a scroll of remove curse
Potions
 e - 3 potions of lignification {!q}
 f - a potion of brilliance
 s - a potion of ambrosia
 w - 5 potions of heal wounds
 y - a potion of resistance {unknown}
 D - a potion of flight
 H - a potion of magic {unknown}
 J - a potion of haste
 N - 3 potions of might
 Q - 6 potions of curing
Comestibles
 c - 5 rations
 t - 2 chunks of flesh


   Skills:
 - Level 3.6 Fighting
 * Level 12.1 Axes
 + Level 8.8 Armour
 + Level 7.9 Dodging


You had 8 spell levels left.
You didn't know any spells.
Your spell library contained the following spells:

 Spells                   Type           Power        Failure   Level  Hunger
 Infusion                 Chrm           #...         41%         1    ##.....
 Shroud of Golubria       Chrm/Tloc      #.........   54%         2    ###....
 Song of Slaying          Chrm           #.......     54%         2    ###....
 Regeneration             Chrm/Necr      #.........   78%         3    ####...
 Spectral Weapon          Hex/Chrm       #.......     78%         3    ####...


Dungeon Overview and Level Annotations

Branches:
Dungeon (8/15)             Temple (0/1) D:7
   Lair: D:8-11

Altars:
Ashenzari
Elyvilon
Fedhas
Gozag
Makhleb
Nemelex Xobeh
Ru
Sif Muna
Trog
Vehumet
Xom
Yredelemnul

Shops:
D:4 [

Annotations:
D:8 Grum


Innate Abilities, Weirdness & Mutations

You reflexively headbutt those who attack you in melee.
You have a pair of horns on your head.


Message History

The wolf bites you.
* * * LOW HITPOINT WARNING * * *
You barely miss the wolf. You headbutt the wolf.
You kill the wolf!
Trog accepts your kill.
Grum sniffs the air and quickly glances around.
Grum closely misses you. Grum barely misses you.
Grum hits you but does no damage.
You see here a wolf corpse.
You closely miss Grum. Your headbutt misses Grum.
Grum snarls, "I'll hound you night and day!"
Grum barely misses you.
You slash Grum!
Grum is moderately wounded.
Grum hits you with a +0 spear!
* * * LOW HITPOINT WARNING * * *
You slash Grum! Your headbutt misses Grum.
Grum is severely wounded.
Grum hits you with a +0 spear!
You die...

..#.#...####.........###.....##..
..#........+.........+.....[.....
........####.........###.....><..
.......## ....... #.....###.
.##.##.# ..... #..#### .......#
... #.. ###.#### #s# #.. #.# #g#
## #.# #@# #.# ##.## #.# ##...##
#.# #.....#### #.#######
#.......... #.......##
#.#.####### ######...###.#.#
#รท.!....#.# #...#####.#


You could see Grum and a giant cockroach.

Vanquished Creatures
  A hippogriff (D:8)
  3 phantoms
  A black bear (D:6)
  4 ogres
  2 sky beasts
  A necrophage (D:6)
  4 wolves (D:8)
  4 centaurs (D:6)
  A big kobold (Sewer)
  3 scorpions
  A howler monkey (D:5)
  4 wights (D:7)
  5 crimson imps
  A bullfrog zombie (D:5)
  A quasit (D:6)
  4 hounds
  A jelly (D:6)
  An orc priest (D:6)
  9 orc wizards
  A bullfrog skeleton (D:6)
  3 iguanas
  2 worker ants
  A killer bee zombie (D:6)
  2 hound zombies (D:6)
  2 hound skeletons
  Robin (D:4)
  7 gnolls
  A river rat (Sewer)
  9 adders
  2 shadow imps
  4 oozes
  3 adder skeletons
  3 worms
  A dart slug (D:3)
  5 leopard geckos
  25 orcs
  4 ball pythons
  8 giant cockroaches
  20 goblins
  15 hobgoblins
  13 jackals
  10 kobolds
  5 quokkas
  8 bats
  3 frilled lizards (D:1)
  A jackal skeleton (D:3)
  9 rats
219 creatures vanquished.

Vanquished Creatures (others)
  A quokka (D:3)
1 creature vanquished.

Grand Total: 220 creatures vanquished

Notes
Turn   | Place    | Note
-------+----------+-------------------------------------------
     0 | D:1      | Larett the Minotaur Berserker began the quest for the Orb.
     0 | D:1      | Reached XP level 1. HP: 19/19 MP: 0/0
   139 | D:1      | Reached skill level 4 in Axes
   278 | D:1      | Reached XP level 2. HP: 26/26 MP: 1/1
   913 | D:2      | Reached skill level 3 in Armour
   913 | D:2      | Reached XP level 3. HP: 27/31 MP: 2/2
  1063 | D:2      | Reached skill level 5 in Axes
  1063 | D:2      | Reached skill level 3 in Dodging
  1063 | D:2      | Reached XP level 4. HP: 15/39 MP: 3/3
  1103 | D:2      | Reached ** piety under Trog
  1296 | D:2      | Found a basalt altar of Yredelemnul.
  1723 | D:3      | Found an opulent altar of Gozag.
  1801 | D:3      | Reached XP level 5. HP: 45/45 MP: 4/4
  1854 | D:3      | Found a white marble altar of Elyvilon.
  1869 | D:3      | Reached *** piety under Trog
  1893 | D:3      | Reached skill level 6 in Axes
  2662 | D:4      | Found a sparkling altar of Nemelex Xobeh.
  2865 | D:4      | Got a sheer robe
  2866 | D:4      | Identified the +1 robe of the Beggar {MR++ Str+5 Slay-6}
                  | (You found it on level 4 of the Dungeon)
  2907 | D:4      | Found Curoxzus's Armour Emporium.
  2914 | D:4      | Bought a +0 cloak for 58 gold pieces
  3279 | D:4      | Noticed Robin
  3280 | D:4      | Reached XP level 6. HP: 51/51 MP: 5/5
  3291 | D:4      | Killed Robin
  3345 | D:4      | Found a bloodstained altar of Trog.
  3351 | D:4      | Found a shattered altar of Ashenzari.
  3403 | D:5      | Entered Level 5 of the Dungeon
  3407 | D:5      | Found a burning altar of Makhleb.
  3408 | D:5      | Found a blossoming altar of Fedhas.
  3599 | D:5      | Reached skill level 7 in Axes
  3719 | D:5      | Reached XP level 7. HP: 57/57 MP: 6/6
  3839 | D:5      | Reached skill level 8 in Axes
  4384 | D:5      | Reached **** piety under Trog
  4416 | D:5      | Found a deep blue altar of Sif Muna.
  4416 | D:5      | Found a radiant altar of Vehumet.
  4438 | D:5      | Reached skill level 6 in Armour
  4511 | D:5      | Found a shimmering altar of Xom.
  4515 | D:5      | Reached XP level 8. HP: 64/64 MP: 7/7
  4765 | D:6      | Reached skill level 9 in Axes
  4791 | D:6      | Got a brightly glowing marble ring
  4792 | D:6      | Identified the ring of Generosity {Fire *Contam +Blink MR+
                  | Int+4} (You found it on level 6 of the Dungeon)
  4945 | D:6      | Reached skill level 6 in Dodging
  4954 | D:6      | Reached skill level 10 in Axes
  5040 | D:6      | Found a glowing drain.
  5091 | Sewer    | Entered a sewer
  5376 | Sewer    | Reached XP level 9. HP: 29/70 MP: 8/8
  5598 | Sewer    | Found a glowing silver altar of Zin.
  6329 | D:6      | Reached skill level 11 in Axes
  6579 | D:7      | Reached ***** piety under Trog
  6978 | D:7      | Found a sacrificial altar of Ru.
  7056 | D:7      | Found a staircase to the Ecumenical Temple.
  7353 | D:8      | Noticed Grum
  7368 | D:8      | Reached skill level 12 in Axes
  7373 | D:8      | HP: 15/105 [wolf[Grum] (3)]
  7375 | D:8      | HP: 3/105 [wolf[Grum] (7)]
  7383 | D:8      | HP: 5/70 [Grum/+0 spear (13)]
  7384 | D:8      | Mangled by Grum

Vault maps used:
D:1:      mrwooster_arrival_arrow
D:2:      yredelemnul_altar_generic, minmay_goblin_outpost
D:3:      grunt_gozag_statues, elyvilon_altar_4
D:4:      amethyst_overflow_temple_binary, kennysheep_little_box, first_ration,
          serial_shops, shop, minmay_misc_feat_alley, uniq_robin
D:5:      gammafunk_temple_overflow_statue, tgw_xom, grunt_temple_overflow_open,
          minmay_fractal_squares_gapless_5
D:6:      minmay_razor_zed, cheibrodos_sewer_entry_sluice, minivault_27,
          minmay_misc_feat_more_columns, minmay_stone_trees_small,
          grunt_ministairs_9
D:7:      nicolae_ru_awakened_eye, minmay_temple_entry_sparse_star
D:8:      old_standard_altar, grunt_dithmenos_smoke, the_bakery, uniq_psyche,
          uniq_grum
Sewer:    sewer_kobolds

Skill      XL: |  1  2  3  4  5  6  7  8  9 |
---------------+----------------------------+-----
Axes           | 4 5 6 7 8 10 12 | 12.1
Armour         | 3 4 5 6 7 8 |  8.8
Dodging        | 3 4 5 6 7 |  7.9
Fighting       | |  3.6

Action                   |  1- 3 |  4- 6 |  7- 9 || total
-------------------------+-------+-------+-------++-------
Melee: Hand axe          |    65 |    34 |       ||    99
       Headbutt          |     5 |    21 |    50 ||    76
       Dagger            |     1 |       |       ||     1
       War axe           |       |    95 |   235 ||   330
       Battleaxe         |       |       |    51 ||    51
 Fire: Hunting sling     |       |    21 |    15 ||    36
       Hand crossbow     |       |       |    29 ||    29
Throw: Stone             |     3 |       |       ||     3
       Throwing net      |     1 |       |       ||     1
Invok: Trog's Hand       |       |     2 |       ||     2
       Berserk           |       |     2 |     2 ||     4
Evoke: Wand              |       |       |     1 ||     1
  Use: Scroll            |     5 |     8 |     9 ||    22
       Potion            |       |       |     3 ||     3
 Stab: Sleeping          |     2 |       |       ||     2
       Held in net/web   |     1 |       |       ||     1
  Eat: Chunk             |       |    11 |    10 ||    21
       Ration            |       |       |     1 ||     1
Armor: Ring mail         |    14 |    57 |   129 ||   200
       Robe              |       |       |     4 ||     4
Dodge: Dodged            |    46 |   107 |   196 ||   349
Block: Buckler           |       |     8 |    30 ||    38

Table legend:
 A = Non-vault XP
 B = Vault XP
 C = Vault XP percentage of total XP
 D = Non-vault monster count
 E = Vault monster count
 F = Vault count percentage of total count
                 A         B        C        D         E       F
            +---------+---------+-------+---------+---------+-------
      Total |    3677 |    1288 |  25.9 |     164 |      55 |  25.1
            +---------+---------+-------+---------+---------+-------
        D:1 |      20 |       0 |   0.0 |      12 |       0 |   0.0
        D:2 |     109 |      15 |  12.1 |      29 |       8 |  21.6
        D:3 |     156 |       0 |   0.0 |      36 |       0 |   0.0
        D:4 |      79 |      39 |  33.1 |       4 |      13 |  76.5
        D:5 |     962 |     133 |  12.1 |      22 |       7 |  24.1
        D:6 |    1311 |     515 |  28.2 |      31 |      13 |  29.5
        D:7 |     737 |       0 |   0.0 |      27 |       0 |   0.0
        D:8 |     303 |     464 |  60.5 |       3 |       4 |  57.1
      Sewer |       0 |     122 | 100.0 |       0 |      10 | 100.0
            +---------+---------+-------+---------+---------+-------
